[ PARTIDA AOE2 · #477792943 ]
UnrankedBizantinos vs Teutons
Equipo del jugador · VICT
Equipo rival · DERR
[ ANÁLISIS DE REPETICIÓN · EXTRAÍDO DE LA PARTIDA GRABADA ]
Feudal
11:53
Castillos
20:09
Imperial
39:47
| APM promedio | 15.5 |
| APM pico | 52 |
| eAPM promedio | 12.7 |
| Aldeanos / militares | 101 / 38 |
Foco
⚔️ 22.2% · 🌾 77.8%
Spearman ×15 · Skirmisher ×13 · Fishing Ship ×7 · Cataphract ×4 · Mangonel ×3 · Monk ×1
Feudal
12:05
Castillos
18:01
Imperial
37:32
| APM promedio | 16.6 |
| APM pico | 52 |
| eAPM promedio | 9.2 |
| Aldeanos / militares | 48 / 17 |
Foco
⚔️ 24.8% · 🌾 75.2%
Fishing Ship ×33 · Trebuchet (Packed) ×7 · Fire Galley ×6 · Transport Ship ×2 · Teutonic Knight ×2
Mapa de la partida
Recursos iniciales + cada clic de construcción. Líneas = muros · curvas = relieve. ◆ oro · ⬟ piedra · ● bayas · ✦ reliquia · ◌ hueco del cierre
Tu base· Abierta — flanco sin cerrar
Base de jhibban.04· Abierta — flanco sin cerrar
Terreno inicial suavizado · ◌ = hueco del cierre detectado · pasá el cursor para detalles
Inputs por minuto
— KingNev_2026 - - jhibban.04
Build order — KingNev_2026
Primeras 150 de 275 acciones detectadas
| 0:03 | Crear | Villager (Male) |
| 0:04 | Crear | Villager (Male) |
| 0:04 | Crear | Villager (Male) |
| 0:04 | Crear | Villager (Male) |
| 0:05 | Construir | House |
| 0:07 | Construir | House |
| 1:28 | Crear | Villager (Male) |
| 2:25 | Crear | Villager (Male) |
| 2:26 | Crear | Villager (Male) |
| 2:26 | Crear | Villager (Male) |
| 2:58 | Construir | Lumber Camp |
| 3:18 | Crear | Villager (Male) |
| 3:18 | Crear | Villager (Male) |
| 3:18 | Crear | Villager (Male) |
| 4:16 | Crear | Villager (Male) |
| 4:16 | Crear | Villager (Male) |
| 4:16 | Crear | Villager (Male) |
| 4:29 | Construir | House |
| 5:05 | Crear | Villager (Male) |
| 5:16 | Construir | House |
| 5:17 | Construir | House |
| 5:19 | Construir | House |
| 5:21 | Construir | House |
| 5:30 | Crear | Villager (Male) |
| 5:31 | Crear | Villager (Male) |
| 5:51 | Construir | Mill |
| 6:25 | Crear | Villager (Male) |
| 6:25 | Crear | Villager (Male) |
| 6:26 | Crear | Villager (Male) |
| 6:27 | Crear | Villager (Male) |
| 6:41 | Construir | House |
| 7:09 | Construir | House |
| 7:29 | Crear | Villager (Male) |
| 7:31 | Crear | Villager (Male) |
| 8:03 | Construir | Barracks |
| 8:19 | Crear | Villager (Male) |
| 9:00 | Crear | Villager (Male) |
| 9:22 | Construir | Mining Camp |
| 9:30 | Construir | Farm |
| 9:35 | Construir | Farm |
| 9:43 | Investigar | Feudal Age |
| 10:19 | Construir | House |
| 10:20 | Construir | House |
| 10:22 | Construir | House |
| 10:23 | Construir | House |
| 10:24 | Construir | House |
| 10:27 | Construir | House |
| 10:42 | Crear | Villager (Male) |
| 10:43 | Crear | Villager (Male) |
| 11:01 | Construir | Farm |
| 11:08 | Construir | Farm |
| 11:14 | Crear | Villager (Male) |
| 11:53 | Edad | Edad Feudal |
| 11:55 | Construir | Farm |
| 12:13 | Construir | Archery Range |
| 12:25 | Investigar | Double-Bit Axe |
| 12:26 | Crear | Villager (Male) |
| 12:27 | Crear | Villager (Male) |
| 12:27 | Crear | Villager (Male) |
| 12:49 | Crear | Spearman |
| 12:50 | Crear | Spearman |
| 12:59 | Crear | Villager (Male) |
| 13:09 | Construir | Farm |
| 13:43 | Construir | Farm |
| 13:43 | Construir | Farm |
| 13:44 | Construir | Farm |
| 13:44 | Construir | Farm |
| 13:44 | Construir | Farm |
| 14:13 | Construir | Farm |
| 14:17 | Construir | Farm |
| 14:37 | Construir | Farm |
| 14:37 | Construir | Farm |
| 14:38 | Construir | Farm |
| 14:38 | Construir | Farm |
| 14:40 | Construir | Farm |
| 15:10 | Construir | Farm |
| 15:24 | Construir | Farm |
| 15:28 | Construir | Farm |
| 15:48 | Crear | Skirmisher |
| 15:49 | Crear | Skirmisher |
| 15:49 | Crear | Skirmisher |
| 15:49 | Crear | Skirmisher |
| 16:02 | Crear | Villager (Male) |
| 16:17 | Construir | Blacksmith |
| 16:32 | Crear | Villager (Male) |
| 16:33 | Crear | Villager (Male) |
| 16:52 | Construir | Market |
| 17:29 | Investigar | Castle Age |
| 18:09 | Construir | Dock |
| 18:35 | Investigar | Scale Mail Armor |
| 18:40 | Investigar | Forging |
| 18:50 | Crear | Villager (Male) |
| 18:59 | Construir | Farm |
| 18:59 | Construir | Farm |
| 18:59 | Construir | Farm |
| 19:00 | Construir | Farm |
| 19:00 | Construir | Farm |
| 19:20 | Construir | House |
| 19:21 | Construir | House |
| 19:22 | Construir | House |
| 19:25 | Construir | House |
| 19:36 | Construir | Archery Range |
| 19:37 | Construir | Archery Range |
| 20:09 | Edad | Edad de los Castillos |
| 20:26 | Construir | Town Center |
| 20:30 | Investigar | Bow Saw |
| 20:56 | Crear | Fishing Ship |
| 21:05 | Crear | Villager (Male) |
| 21:05 | Crear | Villager (Male) |
| 21:06 | Crear | Villager (Male) |
| 21:33 | Crear | Villager (Male) |
| 21:33 | Crear | Villager (Male) |
| 21:33 | Crear | Villager (Male) |
| 21:36 | Investigar | Wheelbarrow |
| 21:57 | Crear | Skirmisher |
| 21:57 | Crear | Skirmisher |
| 21:57 | Crear | Skirmisher |
| 21:58 | Crear | Skirmisher |
| 22:14 | Construir | Lumber Camp |
| 22:42 | Crear | Skirmisher |
| 22:42 | Crear | Skirmisher |
| 22:42 | Crear | Skirmisher |
| 22:43 | Crear | Skirmisher |
| 22:43 | Crear | Skirmisher |
| 22:50 | Investigar | Padded Archer Armor |
| 23:03 | Crear | Fishing Ship |
| 23:19 | Crear | Villager (Male) |
| 23:19 | Crear | Villager (Male) |
| 23:20 | Crear | Villager (Male) |
| 23:20 | Crear | Villager (Male) |
| 23:41 | Construir | Barracks |
| 23:44 | Construir | Barracks |
| 23:57 | Crear | Villager (Male) |
| 23:57 | Crear | Villager (Male) |
| 24:22 | Investigar | Gold Mining |
| 24:26 | Crear | Villager (Male) |
| 24:27 | Crear | Villager (Male) |
| 24:27 | Crear | Villager (Male) |
| 24:32 | Investigar | Horse Collar |
| 24:42 | Construir | Town Center |
| 25:00 | Investigar | Squires |
| 25:02 | Crear | Spearman |
| 25:02 | Crear | Spearman |
| 25:52 | Investigar | Iron Casting |
| 26:00 | Crear | Villager (Male) |
| 26:01 | Crear | Villager (Male) |
| 26:01 | Crear | Villager (Male) |
| 26:07 | Construir | House |
| 26:08 | Construir | House |
| 26:10 | Construir | House |
Build order — jhibban.04
Primeras 150 de 154 acciones detectadas
| 0:15 | Construir | House |
| 0:17 | Crear | Villager (Male) |
| 0:18 | Crear | Villager (Male) |
| 0:18 | Crear | Villager (Male) |
| 0:18 | Crear | Villager (Male) |
| 0:52 | Construir | House |
| 1:34 | Construir | House |
| 1:45 | Construir | House |
| 2:08 | Crear | Villager (Male) |
| 2:42 | Construir | Mill |
| 2:45 | Crear | Villager (Male) |
| 3:05 | Crear | Villager (Male) |
| 3:31 | Crear | Villager (Male) |
| 3:59 | Crear | Villager (Male) |
| 4:26 | Crear | Villager (Male) |
| 4:54 | Crear | Villager (Male) |
| 4:54 | Crear | Villager (Male) |
| 5:25 | Crear | Villager (Male) |
| 5:39 | Crear | Villager (Male) |
| 6:01 | Construir | Dock |
| 6:18 | Crear | Villager (Male) |
| 6:18 | Crear | Villager (Male) |
| 6:59 | Crear | Fishing Ship |
| 7:08 | Construir | Mining Camp |
| 8:41 | Crear | Fishing Ship |
| 9:02 | Construir | Lumber Camp |
| 9:55 | Investigar | Feudal Age |
| 10:51 | Crear | Fishing Ship |
| 11:22 | Construir | House |
| 11:38 | Crear | Fishing Ship |
| 12:05 | Edad | Edad Feudal |
| 12:17 | Construir | Blacksmith |
| 12:23 | Crear | Fishing Ship |
| 13:24 | Construir | Watch Tower |
| 13:58 | Construir | Market |
| 15:15 | Crear | Fishing Ship |
| 15:21 | Investigar | Castle Age |
| 15:57 | Construir | Mill |
| 16:50 | Crear | Fishing Ship |
| 17:27 | Construir | Mining Camp |
| 18:01 | Edad | Edad de los Castillos |
| 18:17 | Construir | Lumber Camp |
| 18:25 | Crear | Fishing Ship |
| 18:58 | Crear | Villager (Male) |
| 19:07 | Crear | Fishing Ship |
| 19:25 | Construir | House |
| 19:37 | Crear | Fishing Ship |
| 19:57 | Crear | Villager (Male) |
| 19:58 | Crear | Villager (Male) |
| 19:58 | Crear | Villager (Male) |
| 19:59 | Crear | Villager (Male) |
| 19:59 | Crear | Villager (Male) |
| 20:22 | Investigar | Double-Bit Axe |
| 20:25 | Investigar | Horse Collar |
| 20:55 | Investigar | Bow Saw |
| 21:08 | Construir | House |
| 21:28 | Construir | Mining Camp |
| 21:40 | Investigar | Wheelbarrow |
| 21:44 | Crear | Fishing Ship |
| 21:45 | Crear | Fishing Ship |
| 22:12 | Construir | House |
| 22:32 | Investigar | Gold Mining |
| 22:56 | Construir | Town Center |
| 23:21 | Crear | Transport Ship |
| 23:38 | Crear | Villager (Male) |
| 23:38 | Crear | Villager (Male) |
| 23:38 | Crear | Villager (Male) |
| 23:39 | Crear | Villager (Male) |
| 23:40 | Crear | Villager (Male) |
| 23:40 | Crear | Villager (Male) |
| 23:41 | Crear | Villager (Male) |
| 23:41 | Crear | Villager (Male) |
| 23:41 | Crear | Villager (Male) |
| 23:41 | Crear | Villager (Male) |
| 24:23 | Crear | Fishing Ship |
| 24:24 | Crear | Fishing Ship |
| 24:25 | Crear | Fishing Ship |
| 24:25 | Crear | Fishing Ship |
| 25:12 | Construir | Mining Camp |
| 25:51 | Construir | House |
| 25:54 | Construir | House |
| 26:00 | Construir | University |
| 26:04 | Construir | Monastery |
| 27:28 | Crear | Villager (Male) |
| 27:29 | Crear | Villager (Male) |
| 27:29 | Crear | Villager (Male) |
| 27:29 | Crear | Villager (Male) |
| 27:30 | Crear | Villager (Male) |
| 27:53 | Construir | House |
| 28:03 | Crear | Villager (Male) |
| 28:03 | Crear | Villager (Male) |
| 28:03 | Crear | Villager (Male) |
| 28:25 | Investigar | Stone Mining |
| 28:54 | Construir | Castle |
| 30:02 | Investigar | Stone Shaft Mining |
| 30:29 | Construir | Dock |
| 30:47 | Construir | Barracks |
| 31:08 | Construir | Watch Tower |
| 31:29 | Crear | Fishing Ship |
| 31:29 | Crear | Fishing Ship |
| 31:29 | Crear | Fishing Ship |
| 31:31 | Crear | Fishing Ship |
| 31:31 | Crear | Fishing Ship |
| 31:32 | Crear | Fishing Ship |
| 31:32 | Crear | Fishing Ship |
| 31:45 | Construir | Lumber Camp |
| 31:52 | Construir | Lumber Camp |
| 31:57 | Crear | Fishing Ship |
| 31:57 | Crear | Fishing Ship |
| 31:57 | Crear | Fishing Ship |
| 31:57 | Crear | Fishing Ship |
| 31:58 | Crear | Fishing Ship |
| 31:59 | Crear | Fishing Ship |
| 31:59 | Crear | Fishing Ship |
| 31:59 | Crear | Fishing Ship |
| 31:59 | Crear | Fishing Ship |
| 32:00 | Crear | Fishing Ship |
| 32:08 | Crear | Villager (Male) |
| 32:08 | Crear | Villager (Male) |
| 32:08 | Crear | Villager (Male) |
| 32:09 | Crear | Villager (Male) |
| 32:09 | Crear | Villager (Male) |
| 32:32 | Construir | Town Center |
| 33:06 | Crear | Fire Galley |
| 33:07 | Crear | Fire Galley |
| 33:07 | Crear | Fire Galley |
| 33:09 | Crear | Fire Galley |
| 34:12 | Construir | Lumber Camp |
| 34:22 | Investigar | Imperial Age |
| 34:26 | Investigar | Hand Cart |
| 34:30 | Investigar | Town Watch |
| 35:35 | Crear | Fire Galley |
| 35:35 | Crear | Fire Galley |
| 36:18 | Investigar | Ironclad |
| 36:24 | Investigar | Arson |
| 36:28 | Investigar | Fletching |
| 36:31 | Investigar | Forging |
| 36:32 | Investigar | Scale Mail Armor |
| 36:39 | Crear | Villager (Male) |
| 36:39 | Crear | Villager (Male) |
| 36:39 | Crear | Villager (Male) |
| 37:29 | Construir | Lumber Camp |
| 37:32 | Edad | Edad Imperial |
| 37:59 | Construir | Castle |
| 38:19 | Crear | Teutonic Knight |
| 38:19 | Crear | Teutonic Knight |
| 38:20 | Crear | Trebuchet (Packed) |
| 38:21 | Crear | Trebuchet (Packed) |
| 38:22 | Crear | Trebuchet (Packed) |
| 38:22 | Crear | Trebuchet (Packed) |
Cronología de la partida
| 6:01 | jhibban.04 · first_building Dock |
| 8:03 | KingNev_2026 · first_building Barracks |
| 11:53 | KingNev_2026 · age_up feudal |
| 12:05 | jhibban.04 · age_up feudal |
| 12:13 | KingNev_2026 · first_building Archery Range |
| 18:01 | jhibban.04 · age_up castle |
| 18:09 | KingNev_2026 · first_building Dock |
| 20:09 | KingNev_2026 · age_up castle |
| 20:10 | KingNev_2026 · first_market_buy 100 wood |
| 26:04 | jhibban.04 · first_building Monastery |
| 26:34 | KingNev_2026 · first_building Monastery |
| 28:54 | jhibban.04 · first_building Castle |
| 30:47 | jhibban.04 · first_building Barracks |
| 33:51 | KingNev_2026 · first_building Castle |
| 34:42 | KingNev_2026 · first_building Siege Workshop |
| 37:32 | jhibban.04 · age_up imperial |
| 39:47 | KingNev_2026 · age_up imperial |
| 40:39 | jhibban.04 · resign |
[ ANÁLISIS IA · 1 CRÉDITO ]
¿Qué pasó realmente en esta partida?
Wolo.gg analiza cada decisión: build order, eco, micro, errores típicos por bracket. Análisis personalizado por WhatsApp o Discord en 30 segundos.
Guía civ
Bizantinos
Perfil
Jugador #18907239